 Dungeon Crawl Stone Soup version 0.28-a0-1339-ga5422284a4 (webtiles) character file.

Game seed: 9349425994915022082

413 SensoryNuts the Sneak (level 6, -2/43 HPs)
             Began as an Octopode Fighter on Dec 28, 2021.
             Slain by a gnoll (6 damage)
             ... on level 4 of the Dungeon.
             The game lasted 00:04:20 (3654 turns).

SensoryNuts the Sneak (Octopode Fighter)            Turns: 3654, Time: 00:04:20

Health: -2/43      AC:  1    Str: 17    XL:     6   Next: 91%
Magic:  6/6        EV:  8    Int: 11    God:
Gold:   42         SH:  0    Dex: 17    Spells: 5/5 levels left

rFire   . . .      SeeInvis +   a - +1 long sword
rCold   . . .      Faith    .   b - +0 buckler
rNeg    . . .      Spirit   .   (helmet restricted)
rPois   .          Reflect  .   (no amulet)
rElec   .          Harm     .   d - +6 ring of dexterity
rCorr   .          Rampage  .   h - ring of wizardry
Will    .....                   i - ring of see invisible
Stlth   ++++......              (no ring)
HPRegen 0.00/turn               (no ring)
MPRegen 0.10/turn               (no ring)
                                (no ring)
                                (no ring)

@: held, inhibited regen
A: almost no armour, amphibious, 8 rings, camouflage 1, gelatinous body 1,
(nimble swimmer 1), tentacles, tentacle spike 1, inhibited regeneration,
evolution 1
a: no special abilities


You were on level 4 of the Dungeon.
You visited 1 branch of the dungeon, and saw 4 of its levels.

You collected 98 gold pieces.
You spent 56 gold pieces at shops.

Inventory:

Hand Weapons
 a - a +1 long sword (weapon)
Armour
 b - a +0 buckler (worn)
 j - an orb of guile
Jewellery
 d - a +6 ring of dexterity (left tentacle)
 h - a ring of wizardry (right tentacle)
 i - a ring of see invisible (on tentacle)
Scrolls
 e - a scroll of fear
 k - a scroll of magic mapping
 m - 2 scrolls of identify
Potions
 c - a potion of lignification {unknown}
 f - 3 potions of curing
 g - a potion of mutation
 l - a potion of berserk rage {unknown}


   Skills:
 + Level 3.8 Fighting
 + Level 4.4 Long Blades
 + Level 4.0 Dodging
 + Level 4.8 Stealth
 + Level 3.6 Shields


You had 5 spell levels left.
You didn't know any spells.
Your spell library contained the following spells:

 Spells                   Type           Power      Damage    Failure   Level
 Sandblast                Erth           0%         2d4       16%         1
 Shock                    Conj/Air       0%         1d3       16%         1
 Passwall                 Tmut/Erth      0%         N/A       22%         2
 Scorch                   Fire           0%         2d5       22%         2
 Gell's Gravitas          Tloc           0%         N/A       38%         3
 Lesser Beckoning         Tloc           0%         N/A       38%         3
 Stone Arrow              Conj/Erth      0%         3d7       38%         3
 Swiftness                Air            0%         N/A       38%         3
 Teleport Other           Tloc           0%         N/A       38%         3
 Airstrike                Air            0%         N/A       78%         4
 Flame Wave               Conj/Fire      0%         2d4       78%         4
 Summon Cactus Giant      Summ           0%         N/A       100%        6


Dungeon Overview and Level Annotations

Branches:
Dungeon (4/15)
 Temple: D:4-7

Altars:

Shops:
D:4 ?


Innate Abilities, Weirdness & Mutations

You cannot wear most types of armour.
You are amphibious.
You can wear up to eight rings at the same time.
Your skin changes colour to match your surroundings (Stealth+).
Your rubbery body absorbs attacks. (AC +1, EV +1)
((You are camouflaged when in or above water. (Stealth+)))
You have tentacles for arms and can constrict up to eight enemies at once.
One of your tentacles bears a spike.
You do not regenerate when monsters are visible.
You have hidden genetic potential.


Message History

A gnoll comes into view. It is wielding a +0 club.
A gnoll comes into view. It is wielding a +0 spear. x2
The gnoll misses you.
The gnoll shouts!
You hit the gnoll. Your grab misses the gnoll.
Your tentacle spike misses the gnoll.
You squeeze the gnoll.
The gnoll is heavily wounded.
You slash the gnoll!
You kill the gnoll!
You block the gnoll's attack. The gnoll hits you with a +0 club.
You barely miss the gnoll. You grab the gnoll.
You pierce the gnoll, but do no damage.
You constrict the gnoll. The gnoll hits you with a +0 club.
The gnoll hits you with a +0 club!
You slash the gnoll!
You pierce the gnoll.
You kill the gnoll!
The gnoll closely misses you. The gnoll misses you.
The gnoll hits you with a +0 spear. The gnoll hits you with a +0 spear!
* * * LOW HITPOINT WARNING * * *
You are too injured to fight recklessly!
You are too injured to fight recklessly!
You are too injured to fight recklessly!
You are too injured to fight recklessly!
You are too injured to fight recklessly!
You are too injured to fight recklessly!
You are too injured to fight recklessly!
You are too injured to fight recklessly!
You are too injured to fight recklessly!
You are too injured to fight recklessly!
You are too injured to fight recklessly!
You are too injured to fight recklessly!
The gnoll misses you. You block the gnoll's attack.
The gnoll throws a throwing net.
The throwing net hits you.
You become entangled in the net!
You see here a throwing net.
You struggle against the net.
The gnoll hits you from afar with a +0 spear!
* * * LOW HITPOINT WARNING * * *
You struggle against the net.
The gnoll hits you from afar with a +0 spear.
You die...

.....###...#.#......#
#...#..#..#..+......#
.#.#...###...#.....##
..#...#...#..#.....#
..#..#.....#.#.....#
#####........#...!.#
..#..#.....#......>#
..#...#...#........#
.#.#..[###......@..#
#...#.. .#......).#
.....## ..#...gg..# .
. ........###
#...?...# .....?...
.....##.. ....# #...
.... #...


You could see 2 gnolls.

Vanquished Creatures
  Sigmund (D:3)
  A necrophage (D:4)
  An orc priest (D:3)
  4 adders
  2 gnolls (D:4)
  An ufetubus (D:4)
  2 worms (D:2)
  3 dart slugs
  3 orcs (D:3)
  2 bats
  3 endoplasms
  3 giant cockroaches
  8 goblins
  6 hobgoblins
  6 jackals (D:1)
  4 kobolds
  2 quokkas
  8 ball pythons
  A frilled lizard (D:1)
  11 rats
72 creatures vanquished.

Notes
Turn   | Place    | Note
-------+----------+-------------------------------------------
     0 | D:1      | SensoryNuts the Octopode Fighter began the quest for the
                  | Orb.
     0 | D:1      | Reached XP level 1. HP: 16/16 MP: 1/1
    60 | D:1      | Reached XP level 2. HP: 21/21 MP: 2/2
   478 | D:1      | Reached XP level 3. HP: 25/26 MP: 3/3
  1127 | D:2      | Reached skill level 1 in Stealth
  1762 | D:2      | Reached XP level 4. HP: 31/31 MP: 4/4
  2242 | D:2      | Gained mutation: You are clumsy. (Dex -2) [potion of
                  | mutation]
  2242 | D:2      | Gained mutation: You do not regenerate when monsters are
                  | visible. [potion of mutation]
  2242 | D:2      | Lost mutation: You are clumsy. (Dex -2) [potion of
                  | mutation]
  2242 | D:2      | Gained mutation: You have hidden genetic potential. [potion
                  | of mutation]
  2477 | D:3      | Reached XP level 5. HP: 20/36 MP: 5/5
  2660 | D:3      | Noticed Sigmund
  2671 | D:3      | Killed Sigmund
  2672 | D:3      | Reached XP level 6. HP: 23/43 MP: 6/6
  2677 | D:3      | Gained mutation: One of your tentacles bears a spike.
                  | [hidden potential]
  3449 | D:4      | Noticed a necrophage
  3457 | D:4      | Killed a necrophage
  3488 | D:4      | Found Qamaxaig's Magic Scroll Shoppe.
  3584 | D:4      | Bought a scroll of identify for 28 gold pieces
  3584 | D:4      | Bought a scroll of identify for 28 gold pieces
  3654 | D:4      | Slain by a gnoll

Illustrated notes

Levels and vault maps discovered:
D:1:      eino_arrival_water_cross, layout_basic
D:2:      layout_loops_corners
D:3:      layout_basic, nrook_uturn, minmay_fractal_squares_gapless_5,
          uniq_sigmund
D:4:      layout_basic, serial_shops, shop_statue, kennysheep_little_box,
          nicolae_shop_stone, shop, shop, minmay_splitting_lines

Skill      XL: |  1  2  3  4  5  6 |
---------------+-------------------+-----
Stealth        | 1 2 3 4 |  4.8
Long Blades    | 3 4 |  4.4
Dodging        | 4 |  4.0
Fighting       | |  3.8
Shields        | |  3.6

Action                   |  1- 3 |  4- 6 || total
-------------------------+-------+-------++-------
Melee: Long sword        |    68 |    52 ||   120
       Constrict         |    15 |    18 ||    33
       Tentacles         |    14 |    10 ||    24
       Kick              |       |    10 ||    10
  Use: Scroll            |     1 |     4 ||     5
       Potion            |       |     4 ||     4
 Stab: Sleeping          |     6 |     9 ||    15
Armor: Skin              |     2 |     3 ||     5
Dodge: Dodged            |    52 |    32 ||    84
Block: Buckler           |    18 |    10 ||    28

Table legend: (Time is in decaauts)
 A = Elapsed time spent in this place.
 B = Non-inter-level travel time spent in this place.
 C = Inter-level travel time spent in this place.
 D = Time resting spent in this place.
 E = Time spent auto-exploring this place.
 F = Levels seen in this place.
 G = Mean time per level.
                   A        B        C        D        E       F      G
               +--------+--------+--------+--------+--------+-----+--------+
         Total |   3669 |   3535 |    134 |     27 |   3024 |   4 |  917.2 |
       Dungeon |   3669 |   3535 |    134 |     27 |   3024 |   4 |  917.2 |
               +--------+--------+--------+--------+--------+-----+--------+

Top non-repeatable levels by time:
     D:2: 1279 daAuts
     D:1: 1120 daAuts
     D:3: 1041 daAuts
     D:4: 227 daAuts
